 Dungeon Crawl Stone Soup version 0.20.0-10-g0535bb4 (webtiles) character file.

14880 Inarius the Destroyer (level 11, 0/80 HPs)
             Began as a White Draconian Air Elementalist on June 5, 2017.
             Was a High Priest of Vehumet.
             Slain by a seven-headed hydra (15 damage)
             ... on level 2 of the Lair of Beasts.
             The game lasted 01:19:54 (20176 turns).

Inarius the Destroyer (DrAE)                       Turns: 20176, Time: 01:19:55

Health: 0/80       AC: 10    Str:  9    XL:     11   Next: 94%
Magic:  24/24      EV: 16    Int: 18    God:    Vehumet [*****.]
Gold:   762        SH:  0    Dex: 12    Spells: 2/28 levels left

rFire    . . .     SeeInvis +   d - +2 demon whip (pain)
rCold    + . .     Gourm    +   (no shield)
rNeg     . . .     Faith    .   (armour unavailable)
rPois    +         Spirit   .   (helmet restricted)
rElec    .         Reflect  .   k - +1 cloak
rCorr    .         Harm     .   (no gloves)
MR       .....     Clarity  +   m - +0 pair of boots
Stlth    ++........             g - amulet of the gourmand
Regen    0.3/turn               R - ring of see invisible
MPRegen  0.2/turn               N - ring of wizardry

@: no status effects
A: breathe frost, unfitting armour, talons 1, clarity, cold resistance 1, poison
resistance, weak 1, cold-blooded, AC +7
a: Breathe Frost, Renounce Religion


You were on level 2 of the Lair of Beasts.
You worshipped Vehumet.
Vehumet was extremely pleased with you.
You were very full.

You visited 3 branches of the dungeon, and saw 14 of its levels.
You also visited: Ossuary.

You collected 762 gold pieces.

Inventory:

Hand Weapons
 d - a +2 demon whip of pain (weapon)
 C - a +3 dagger of chaos
Armour
 a - a +0 pair of gloves
 k - a +1 cloak (worn)
 m - a +0 pair of boots (worn)
Magical Staves
 Q - an uncursed staff of summoning
Jewellery
 g - an amulet of the gourmand (around neck)
 t - an uncursed ring of flight
 B - an uncursed amulet of magic regeneration
 E - an uncursed ring of poison resistance
 N - a ring of wizardry (right hand)
 R - a ring of see invisible (left hand)
Wands
 o - a wand of random effects (22/48)
 p - a wand of confusion (37/48)
 S - a wand of digging (10/24)
 V - a wand of digging (10/24)
 W - a wand of polymorph (10/24)
Scrolls
 i - 4 scrolls of teleportation
 j - a scroll of enchant armour
 n - a scroll of amnesia
 q - 3 scrolls of remove curse
 s - a scroll of fear
 z - a scroll of recharging
 F - 2 scrolls of magic mapping
 K - a scroll of immolation
Potions
 e - a potion of cancellation {unknown}
 f - a potion of berserk rage {unknown}
 l - a potion of magic
 r - 2 potions of brilliance
 u - a potion of haste
 w - 3 potions of lignification
 x - 4 potions of heal wounds
 L - 5 potions of mutation {unknown}
 O - a potion of agility
 P - 6 potions of flight
 Y - a potion of ambrosia {unknown}
 Z - a potion of curing
Books
 h - a book of Clouds

   Spells                             Type                      Level
   a - Poisonous Vapours              Poison/Air                   2
   b - Mephitic Cloud                 Conjuration/Poison/Air       3
   c - Conjure Flame                  Conjuration/Fire             3
   d - Freezing Cloud                 Conjuration/Ice/Air          6
   e - Ring of Flames                 Charms/Fire                  7
 D - a book of the Dragon

   Spells                             Type                      Level
   a - Flame Tongue                   Conjuration/Fire             1
   b - Cause Fear                     Hexes                        4
   c - Bolt of Fire                   Conjuration/Fire             6
   d - Dragon Form                    Transmutation                7
   e - Dragon's Call                  Summoning                    9
 H - a book of Conjurations

   Spells                             Type                      Level
   a - Magic Dart                     Conjuration                  1
   b - Searing Ray                    Conjuration                  2
   c - Dazzling Spray                 Conjuration/Hexes            3
   d - Fulminant Prism                Conjuration/Hexes            4
   e - Force Lance                    Conjuration/Translocation    4
   f - Iskenderun's Mystic Blast      Conjuration                  4
 I - a book of Battle

   Spells                             Type                      Level
   a - Infusion                       Charms                       1
   b - Shroud of Golubria             Charms/Translocation         2
   c - Song of Slaying                Charms                       2
   d - Spectral Weapon                Hexes/Charms                 3
   e - Regeneration                   Charms/Necromancy            3
Comestibles
 b - 6 bread rations
 c - 7 fruits
 v - 5 royal jellies


   Skills:
 + Level 2.5 Fighting
 * Level 7.3 Dodging
 - Level 1.7 Stealth
 + Level 9.2 Spellcasting
 * Level 9.4 Conjurations
 + Level 0.3 Charms
 * Level 2.9 Fire Magic
 + Level 9.2 Air Magic
 + Level 6.6 Evocations


You had 2 spell levels left.
You knew the following spells:

 Your Spells              Type           Power        Failure   Level  Hunger
b - Swiftness             Chrm/Air       ####....     1%          2    None
c - Static Discharge      Conj/Air       #####...     1%          3    None
d - Airstrike             Air            #####.....   1%          4    ###....
e - Lightning Bolt        Conj/Air       #####.....   1%          5    #####..
f - Iskenderun's Mystic   Conj           #####...     1%          4    ###....
g - Conjure Flame         Conj/Fire      ####....     1%          3    None
h - Fireball              Conj/Fire      ####......   2%          5    #####..


Dungeon Overview and Level Annotations

Branches:
Dungeon (11/15)            Temple (1/1) D:5            Lair (2/6) D:10
  Swamp (0/4) Lair:2          Orc (0/2) D:10
  Snake: Lair:2-4    Spider: Lair:2-4

Altars:
Ashenzari
Dithmenos
Gozag
Kikubaaqudgha
Makhleb
Nemelex Xobeh
Qazlal
Ru
Sif Muna
Vehumet
Xom
Zin
The Shining One

Shops:
D:8 %

Portals:
Labyrinth: Lair:2


Innate Abilities, Weirdness & Mutations

You can breathe waves of freezing cold.
You can buffet flying creatures when you breathe cold.
Your icy white scales are hard. (AC +7)
You cannot fit into any form of body armour.
Your flesh is cold resistant. (rC+)
You are cold-blooded and may be slowed by cold attacks.
You have sharp toenails.
You possess an exceptional clarity of mind.
Your system is resistant to poisons. (rPois)
You are weak. (Str -2)


Message History

A seven-headed hydra comes into view.
You see here a pair of gloves.
a - a pair of gloves The seven-headed hydra bites you.
The seven-headed hydra bites you but does no damage.
The seven-headed hydra bites you! The seven-headed hydra bites you.
The seven-headed hydra barely misses you.
The seven-headed hydra bites you.
The seven-headed hydra barely misses you.
The seven-headed hydra bites you! x4
* * * LOW HITPOINT WARNING * * *
The seven-headed hydra bites you.
* * * LOW HITPOINT WARNING * * *
The seven-headed hydra misses you. The seven-headed hydra bites you.
* * * LOW HITPOINT WARNING * * *
There is a labyrinth entrance, spattered with blood here.
Beware, the minotaur awaits!
The seven-headed hydra bites you but does no damage.
The seven-headed hydra bites you!
You die...

***,,,,,,,,***
*.........#.#
##(.........#
##..........P#
#...........#*
##..........#
##P.........##
#P...........##
######..........@.#
...............D..#
.##..#.#..........#***
######..##...........****
### #...##..........#,,,*
..#
##....#.......#...,,**
.## #...........###...,,*
.## #...........#,,...,,*
..#
*#...........#*,,*,,,*


You could see a seven-headed hydra.

Vanquished Creatures
  A hydra (D:11)
  A two-headed ogre (D:9)
  An unseen horror (D:11)
  A deep elf mage (D:11)
  An ugly thing (D:11)
  Maurice (D:8)
  The ghost of mcbry the Skirmisher, a novice MfFi of Okawaru (D:5)
  2 spiny frogs (Lair:1)
  2 trolls (D:11)
  Grinder (D:4)
  3 hippogriffs
  14 yaks
  2 hungry ghosts
  2 water moccasins (Lair:1)
  4 porcupines
  3 sky beasts
  5 orc warriors
  6 ice beasts
  A phantom (D:10)
  4 wolves (Lair:1)
  4 black bears
  2 centaurs
  7 ogres
  4 big kobolds
  A crocodile (Lair:1)
  Blork the orc (D:5)
  9 bullfrogs
  A gnoll sergeant (D:11)
  A water moccasin zombie (D:6)
  3 scorpions
  8 killer bees (D:10)
  A water moccasin skeleton (D:4)
  5 wights
  2 crimson imps
  A bullfrog zombie (D:11)
  2 human zombies (Ossuary)
  A centaur zombie (Ossuary)
  3 centaur skeletons
  6 hounds
  4 jellies
  3 bullfrog skeletons
  12 orc priests
  Crazy Yiuf (D:2)
  12 orc wizards
  4 iguanas
  11 worker ants
  2 big kobold zombies (Ossuary)
  2 hound zombies
  4 hound skeletons
  3 mummies (Ossuary)
  2 worker ant zombies
  Robin (D:2)
  A howler monkey skeleton (D:6)
  16 adders
  9 gnolls
  4 shadow imps
  An adder zombie (D:10)
  2 adder skeletons
  A worm (D:2)
  2 dart slugs
  8 leopard geckos
  38 orcs
  7 giant cockroaches
  15 goblins
  9 hobgoblins
  10 jackals
  6 quokkas
  3 bats
  6 frilled lizards
  A goblin zombie (Ossuary)
  28 kobolds
  A kobold zombie (Ossuary)
  An orc zombie (Ossuary)
  A quokka skeleton (D:9)
  A quokka zombie (D:6)
  22 rats
  2 bushes (D:4)
  4 plants (D:4)
378 creatures vanquished.

Vanquished Creatures (others)
  12 fungi (D:10)
  4 plants (D:10)
16 creatures vanquished.

Grand Total: 394 creatures vanquished

Notes
Turn   | Place    | Note
-------+----------+-------------------------------------------
     0 | D:1      | Inarius the Draconian Air Elementalist began the quest for the Orb.
     0 | D:1      | Reached XP level 1. HP: 14/14 MP: 3/3
   426 | D:1      | Reached XP level 2. HP: 20/20 MP: 1/5
   430 | D:1      | Learned a level 2 spell: Swiftness
  1162 | D:2      | Reached XP level 3. HP: 26/26 MP: 0/6
  1861 | D:2      | Learned a level 3 spell: Static Discharge
  1979 | D:2      | Noticed Robin
  1980 | D:2      | Reached XP level 4. HP: 33/33 MP: 4/7
  2124 | D:2      | Killed Robin
  2273 | D:2      | Found a runed door.
  2277 | D:2      | Noticed Crazy Yiuf
  2286 | D:2      | Killed Crazy Yiuf
  2911 | D:3      | Reached XP level 5. HP: 35/38 MP: 1/9
  3533 | D:3      | Learned a level 4 spell: Airstrike
  4121 | D:4      | Noticed Grinder
  4152 | D:4      | Reached skill level 1 in Evocations
  4278 | D:4      | Reached XP level 6. HP: 39/45 MP: 1/11
  4794 | D:4      | Killed Grinder
  4902 | D:4      | Found a shimmering altar of Xom.
  4902 | D:4      | Found a burning altar of Makhleb.
  4906 | D:4      | Your scales start taking on an icy white colour.
  4906 | D:4      | Reached XP level 7. HP: 51/51 MP: 3/12
  4906 | D:4      | Gained mutation: Your flesh is cold resistant. (rC+) [White Draconian growth]
  5207 | D:4      | Reached skill level 1 in Fighting
  5443 | D:5      | Entered Level 5 of the Dungeon
  5685 | D:5      | Noticed mcbry's ghost (novice MfFi)
  5699 | D:5      | Killed mcbry's ghost
  5699 | D:5      | Reached skill level 5 in Air Magic
  5699 | D:5      | Reached XP level 8. HP: 28/59 MP: 2/15
  6226 | D:5      | Found a staircase to the Ecumenical Temple.
  6240 | Temple   | Entered the Ecumenical Temple
  6257 | Temple   | Became a worshipper of Vehumet
  6283 | D:5      | Learned a level 5 spell: Lightning Bolt
  6541 | D:5      | Noticed Blork the orc
  6550 | D:5      | Killed Blork the orc
  6550 | D:5      | Reached skill level 5 in Spellcasting
  7078 | D:6      | Reached skill level 5 in Conjurations
  7159 | D:6      | Noticed a hippogriff
  7221 | D:6      | Killed a hippogriff
  7729 | D:6      | Reached XP level 9. HP: 46/67 MP: 8/17
  7838 | D:6      | Reached * piety under Vehumet
  7838 | D:6      | Offered knowledge of Sandblast by Vehumet.
  8595 | D:7      | Found a shadowy altar of Dithmenos.
  8595 | D:7      | Found an opulent altar of Gozag.
  9322 | D:7      | Reached skill level 5 in Evocations
  9509 | D:7      | Reached skill level 5 in Dodging
  9563 | D:7      | Offered knowledge of Throw Flame by Vehumet.
  9569 | D:7      | Learned a level 4 spell: Iskenderun's Mystic Blast
  9763 | D:7      | Reached ** piety under Vehumet
 10041 | D:8      | Noticed Maurice
 10064 | D:8      | Found a sand-covered staircase.
 10069 | Ossuary  | Entered an ossuary
 10698 | D:8      | Found Ihialug's Food Emporium.
 10779 | D:8      | Offered knowledge of Throw Frost by Vehumet.
 10866 | D:8      | Reached XP level 10. HP: 73/73 MP: 8/20
 10971 | D:8      | Reached *** piety under Vehumet
 11110 | D:8      | Gained mutation: Your system is resistant to poisons. (rPois) [mutagenic meat]
 11111 | D:8      | Gained mutation: Your flesh is heat resistant. (rF+) [mutagenic meat]
 11112 | D:8      | Lost mutation: Your flesh is heat resistant. (rF+) [mutagenic meat]
 11113 | D:8      | Gained mutation: You possess an exceptional clarity of mind. [mutagenic meat]
 11547 | D:8      | Killed Maurice
 12406 | D:9      | Noticed a two-headed ogre
 12481 | D:9      | Killed a two-headed ogre
 12780 | D:9      | Found a shattered altar of Ashenzari.
 13292 | D:9      | Offered knowledge of Conjure Flame by Vehumet.
 13298 | D:9      | Learned a level 3 spell: Conjure Flame
 13482 | D:10     | Entered Level 10 of the Dungeon
 13498 | D:10     | Found a stormy altar of Qazlal.
 13805 | D:10     | Found a staircase to the Lair.
 13892 | D:10     | Reached **** piety under Vehumet
 14051 | D:10     | Reached XP level 11. HP: 44/79 MP: 8/23
 14457 | D:10     | Offered knowledge of Fireball by Vehumet.
 14823 | D:10     | Found a staircase to the Orcish Mines.
 15196 | D:10     | HP: 2/79 [yak (13)]
 15956 | D:11     | Noticed a deep elf mage
 16168 | D:11     | Reached skill level 1 in Fire Magic
 16323 | D:11     | Noticed an unseen horror
 16518 | D:11     | Killed an unseen horror
 16801 | D:11     | Killed a deep elf mage
 16928 | D:11     | Reached ***** piety under Vehumet
 17224 | D:10     | Learned a level 5 spell: Fireball
 17245 | D:11     | Offered knowledge of Conjure Ball Lightning by Vehumet.
 17767 | D:11     | Noticed a red ugly thing
 17776 | D:11     | Killed a red ugly thing
 17812 | D:11     | Gained mutation: You are weak. (Str -2) [mutagenic meat]
 17813 | D:11     | Gained mutation: You have sharp toenails. [mutagenic meat]
 18096 | D:10     | Noticed a seven-headed hydra
 18145 | D:11     | Killed a seven-headed hydra
 18557 | Lair:1   | Entered Level 1 of the Lair of Beasts
 19492 | D:10     | Identified a scroll of acquirement
 20167 | Lair:2   | Found a labyrinth entrance.
 20168 | Lair:2   | Noticed a seven-headed hydra
 20176 | Lair:2   | Slain by a seven-headed hydra

Skill      XL: |  1  2  3  4  5  6  7  8  9 10 11 |
---------------+----------------------------------+-----
Dodging        | 2 3 4 5 6 7 |  7.3
Conjurations   | 2 3 4 5 6 8 9 |  9.4
Air Magic      | 4 5 6 7 8 9 |  9.2
Spellcasting   | 3 4 5 7 8 9 |  9.2
Evocations     | 1 3 4 5 6 |  6.6
Fighting       | 1 2 |  2.5
Fire Magic     | 2 |  2.9
Stealth        | |  1.7
Charms         | |  0.3

Action                   |  1- 3 |  4- 6 |  7- 9 | 10-12 || total
-------------------------+-------+-------+-------+-------++-------
Melee: Unarmed           |     8 |       |       |       ||     8
       Dagger            |     5 |       |   163 |    99 ||   267
       Tailslap          |     6 |    21 |    24 |    11 ||    62
       Short sword       |    41 |     7 |       |       ||    48
       Quarterstaff      |       |   159 |       |       ||   159
       Mace              |       |     2 |       |       ||     2
       Demon whip        |       |       |       |     7 ||     7
Throw: Javelin           |       |     1 |       |       ||     1
 Cast: Shock             |    74 |    87 |   252 |   271 ||   684
       Static Discharge  |       |     2 |    18 |    92 ||   112
       Airstrike         |       |     3 |    20 |    46 ||    69
       Swiftness         |       |       |     1 |     1 ||     2
       Lightning Bolt    |       |       |       |    49 ||    49
       Iskenderun's Myst |       |       |       |    14 ||    14
       Conjure Flame     |       |       |       |     1 ||     1
       Fireball          |       |       |       |     3 ||     3
 Abil: Breathe Frost     |       |       |       |     5 ||     5
  Use: Scroll            |       |     5 |    10 |    16 ||    31
       Potion            |       |       |     1 |     6 ||     7
 Stab: Sleeping          |       |       |     2 |       ||     2
       Petrified         |       |       |     2 |       ||     2
       Petrifying        |       |       |     1 |       ||     1
       Paralysed         |       |       |       |     1 ||     1
  Eat: Chunk             |     4 |     9 |    15 |    57 ||    85
       Bread ration      |       |     1 |       |       ||     1
       Meat ration       |       |       |     1 |     1 ||     2
       Royal jelly       |       |       |     1 |       ||     1
       Fruit             |       |       |       |     4 ||     4
Armor: Skin              |    19 |    30 |    66 |    69 ||   184
Dodge: Dodged            |    31 |    53 |   120 |   207 ||   411
